Map: Jagannatha LE

Players

AGOElazer (Elazer) - Winner!

  • Race: Zerg Zerg
  • League: Grandmaster

GunGFuBanDa

  • Race: Protoss Protoss
  • League: Grandmaster

Event: DreamHack SC2 Masters 2021 Summer

VOD

Have the link to the VOD?

Description

Time

  • Played on: May 19, 2021, 11:44 a.m.
  • Length: 21:10

All games in this series

Show
View Real Time Build Order
Export as new Build Order

AGOElazer Zerg - Winner!

Build Orders: Hatch First, Brood Lord Corruptor 

Get SALT Encoding   

  12  0:00  Drone  
  13  0:12  Overlord  
  13  0:16  Drone  
  14  0:30  Drone x2  
  16  0:45  Drone  
  17  0:52  Hatchery  
  17  0:54  Drone  
  17  0:58  Drone  
  18  1:08  Extractor  
  17  1:13  Spawning Pool  
  17  1:16  Drone  
  17  1:21  Drone  
  18  1:28  Drone  
  19  1:39  Drone  
  20  1:50  Overlord  
  20  2:00  Queen  
  22  2:04  Drone, Queen  
  22  2:05  Zergling x2  
  26  2:12  Metabolic Boost, Zergling x2  
  26  2:15  Drone  
  28  2:21  Drone  
  29  2:25  Drone  
  30  2:32  Drone  
  30  2:36  Drone  
  32  2:40  Hatchery  
  31  2:46  Queen  
  33  2:52  Overlord  
  33  2:54  Drone  
  33  3:06  Drone x2  
  33  3:07  Overlord  
  33  3:10  Drone x2  
  33  3:11  Queen  
  39  3:14  Drone  
  39  3:16  Drone  
  39  3:18  Drone  
  42  3:20  Drone  
  43  3:28  Drone  
  43  3:32  Drone, Queen  
  47  3:35  Drone  
  47  3:37  Spore Crawler  
  47  3:38  Zergling x4  
  47  3:40  Zergling x2  
  50  3:45  Drone  
  51  3:52  Overlord  
  51  3:54  Drone x5  
  56  3:58  Overlord  
  56  4:00  Drone  
  57  4:04  Overlord  
  57  4:11  Overlord  
  57  4:16  Queen  
  59  4:17  Drone x3  
  61  4:26  Drone x5  
  61  4:28  Overlord  
  65  4:31  Drone x4  
  69  4:38  Overlord  
  69  4:39  Extractor  
  69  4:40  Drone x2, Roach Warren  
  69  4:44  Spore Crawler  
  67  4:45  Overlord  
  67  4:49  Drone x3  
  67  4:51  Lair  
  70  4:55  Extractor  
  70  4:56  Overlord  
  70  4:59  Zergling x8  
  73  5:08  Zergling x6  
  73  5:09  Overlord  
  73  5:12  Drone x4  
  80  5:15  Queen x2  
  80  5:20  Spore Crawler  
  83  5:22  Overlord  
  83  5:23  Extractor  
  83  5:27  Drone x6  
  88  5:32  Extractor  
  88  5:33  Extractor, Overlord  
  86  5:39  Hatchery  
  86  5:41  Drone x4  
  89  5:44  Overlord  
  89  5:46  Drone x3  
  92  5:53  Overlord  
  92  5:54  Queen  
  92  5:55  Queen  
  96  6:00  Infestation Pit  
  96  6:02  Drone x4  
  96  6:03  Drone  
  100  6:06  Drone x3  
  100  6:08  Overlord  
  100  6:09  Drone  
  103  6:12  Queen  
  104  6:31  Queen x2  
  108  6:34  Overlord  
  108  6:35  Drone x7  
  113  6:41  Overlord  
  113  6:42  Drone x6  
  119  6:48  Spire  
  119  6:50  Drone x3  
  119  6:54  Queen, Overlord  
  121  6:55  Queen  
  125  7:01  Spore Crawler x2  
  125  7:02  Spore Crawler  
  122  7:09  Queen x2  
  122  7:14  Overlord  
  122  7:15  Drone x7  
  133  7:20  Drone x5  
  133  7:21  Spore Crawler  
  133  7:22  Spore Crawler  
  136  7:26  Zergling x14  
  143  7:30  Hive  
  143  7:33  Queen  
  143  7:34  Spore Crawler  
  143  7:36  Spore Crawler  
  143  7:39  Spore Crawler  
  143  7:40  Overlord  
  143  7:41  Extractor, Overlord  
  143  7:42  Extractor  
  140  7:44  Overseer  
  140  7:49  Evolution Chamber  
  139  7:51  Evolution Chamber  
  139  7:56  Overlord  
  135  8:05  Corruptor x9  
  151  8:17  Zerg Melee Weapons Level 1, Zerg Ground Armor Level 1, Zerg Flyer Weapons Level 1  
  148  8:35  Hatchery  
  143  8:44  Spore Crawler  
  143  8:45  Spire, Adrenal Glands  
  143  8:47  Ultralisk Cavern  
  140  8:51  Drone x3  
  143  8:56  Spore Crawler  
  143  8:57  Spore Crawler  
  141  9:06  Viper x2  
  141  9:07  Viper  
  150  9:12  Overlord  
  150  9:15  Drone x9  
  159  9:23  Overlord  
  159  9:24  Spore Crawler  
  159  9:25  Corruptor x6  
  159  9:27  Extractor  
  159  9:29  Extractor  
  168  9:34  Ultralisk x3  
  168  9:36  Zergling x2  
  168  9:37  Zergling x14  
  194  9:44  Chitinous Plating  
  194  9:50  Spore Crawler x2  
  194  9:52  Spore Crawler  
  191  9:58  Ultralisk  
  197  10:05  Zerg Flyer Armor Level 1, Spore Crawler  
  197  10:06  Spore Crawler  
  194  10:07  Spore Crawler  
  194  10:08  Pneumatized Carapace  
  194  10:09  Overseer x4  
  191  10:22  Ultralisk  
  196  10:28  Spore Crawler x2  
  196  10:29  Spore Crawler, Baneling Nest  
  196  10:32  Hatchery  
  196  10:35  Zerg Ground Armor Level 2, Zerg Melee Weapons Level 2  
  189  10:47  Zerg Flyer Weapons Level 2  
  189  10:48  Drone x5  
  190  10:51  Spine Crawler x2  
  190  10:52  Drone x2, Spine Crawler  
  190  10:53  Spine Crawler  
  188  10:59  Pathogen Glands  
  188  11:01  Burrow  
  188  11:02  Overseer x3  
  188  11:09  Drone x7  
  195  11:26  Spore Crawler  
  195  11:27  Spore Crawler  
  195  11:28  Spore Crawler  
  195  11:29  Centrifical Hooks, Spore Crawler  
  195  11:30  Anabolic Synthesis  
  195  11:31  Spore Crawler x2  
  189  11:35  Overseer  
  189  11:39  Infestor x4  
  195  11:56  Neural Parasite  
  195  12:00  Greater Spire  
  193  12:10  Ultralisk  
  199  12:57  Spore Crawler  
  197  12:59  Spore Crawler  
  193  13:16  Brood Lord x3  
  196  13:53  Corruptor  
  192  14:00  Brood Lord x4  
  165  14:22  Corruptor  
  165  14:23  Corruptor x9  
  180  14:27  Zergling x28  
  184  14:39  Drone  
  184  14:40  Drone x5  
  184  14:42  Hatchery  
  189  14:52  Hatchery  
  184  14:54  Zerg Melee Weapons Level 3, Zerg Ground Armor Level 3  
  184  14:55  Overlord  
  184  14:56  Spire  
  184  14:57  Spire  
  184  14:58  Zergling x12  
  178  15:12  Overlord  
  178  15:14  Ultralisk x3  
  196  15:36  Zergling x6  
  186  16:03  Zergling x24  
  163  16:13  Zerg Flyer Armor Level 2, Greater Spire  
  163  16:16  Corruptor x4  
  156  16:36  Corruptor x3  
  156  16:37  Infestor x3  
  156  16:38  Infestor x2  
  166  16:47  Baneling x12  
  166  16:53  Zergling x8  
  164  16:56  Zergling x6  
  167  17:02  Zergling x2  
  167  17:03  Zergling x6  
  165  17:18  Viper x2  
  171  17:27  Brood Lord  
  171  17:28  Brood Lord x5  
  181  17:30  Brood Lord  
  181  17:31  Brood Lord  
  181  17:32  Brood Lord  
  181  17:33  Corruptor x5  
  192  17:53  Corruptor x3  
  197  18:09  Zerg Missile Weapons Level 1  
  197  18:11  Drone x2  
  179  18:42  Corruptor x4  
  179  18:43  Corruptor x2  
  178  18:56  Zergling x14  
  185  19:19  Zergling x16  
  191  19:26  Hatchery  
  190  19:35  Zergling x8  
  190  19:36  Zergling x4  
  192  19:54  Zergling x12  
  187  20:14  Zergling x16  
  171  20:42  Zergling x2  
  171  20:43  Zergling x8  
Show
View Real Time Build Order
Export as new Build Order

GunGFuBanDa Protoss 

Build Orders: 1 Gate Expand, Carriers, Carrier Rush 

Get SALT Encoding   

  12  0:00  Probe  
  13  0:12  Probe  
  14  0:17  Pylon  
  14  0:24  Probe (Chrono Boost)  
  15  0:37  Probe (Chrono Boost)  
  15  0:39  Gateway  
  16  0:45  Probe (Chrono Boost)  
  16  0:49  Assimilator  
  17  0:51  Probe  
  18  1:03  Probe  
  19  1:15  Probe  
  20  1:25  Nexus  
  20  1:36  Cybernetics Core  
  20  1:39  Probe (Chrono Boost)  
  21  1:44  Assimilator  
  21  1:50  Probe (Chrono Boost)  
  21  1:53  Pylon  
  22  1:55  Probe (Chrono Boost)  
  23  2:10  Adept (Chrono Boost)  
  23  2:11  Probe  
  26  2:23  Probe  
  26  2:24  Stargate  
  27  2:30  Warp Gate  
  27  2:35  Adept  
  30  2:38  Probe (Chrono Boost)  
  30  2:39  Probe (Chrono Boost)  
  31  2:49  Probe (Chrono Boost)  
  31  2:50  Probe (Chrono Boost)  
  33  2:54  Probe (Chrono Boost)  
  34  2:59  Probe  
  34  3:01  Void Ray  
  35  3:06  Probe (Chrono Boost)  
  41  3:16  Probe (Chrono Boost)  
  41  3:18  Probe (Chrono Boost), Assimilator  
  42  3:20  Assimilator  
  42  3:23  Gateway  
  42  3:24  Probe (Chrono Boost)  
  42  3:25  Probe (Chrono Boost)  
  44  3:28  Pylon  
  44  3:32  Probe (Chrono Boost)  
  45  3:38  Probe (Chrono Boost)  
  46  3:42  Pylon  
  46  3:47  Probe (Chrono Boost)  
  48  3:52  Probe (Chrono Boost)  
  48  3:53  Probe (Chrono Boost)  
  49  3:55  Fleet Beacon  
  49  4:00  Stargate  
  49  4:03  Probe  
  49  4:04  Probe  
  51  4:11  Pylon  
  51  4:15  Probe  
  51  4:16  Probe  
  53  4:19  Zealot  
  55  4:24  Zealot  
  55  4:27  Probe  
  53  4:41  Carrier (Chrono Boost)  
  65  4:45  Carrier (Chrono Boost)  
  65  4:48  Adept  
  67  4:58  Pylon  
  67  5:06  Nexus  
  67  5:13  Pylon  
  67  5:18  Probe x2  
  67  5:21  Adept  
  71  5:22  Shield Battery  
  71  5:29  Void Ray (Chrono Boost)  
  71  5:30  Probe  
  71  5:31  Void Ray (Chrono Boost)  
  80  5:46  Probe  
  80  5:49  Probe  
  82  5:53  Forge  
  82  5:54  Pylon  
  82  5:55  Adept x2  
  86  6:06  Void Ray, Protoss Air Weapons Level 1  
  86  6:12  Probe x2 (Chrono Boost)  
  86  6:14  Void Ray  
  88  6:18  Probe (Chrono Boost)  
  88  6:24  Sentry  
  88  6:25  Probe (Chrono Boost)  
  97  6:29  Probe (Chrono Boost)  
  97  6:30  Probe (Chrono Boost)  
  99  6:34  Probe (Chrono Boost)  
  99  6:36  Probe (Chrono Boost)  
  99  6:37  Probe (Chrono Boost)  
  99  6:38  Probe (Chrono Boost)  
  101  6:41  Protoss Ground Weapons Level 1 (Chrono Boost)  
  101  6:43  Void Ray  
  101  6:45  Probe  
  103  6:48  Probe  
  103  6:50  Probe, Assimilator  
  103  6:51  Assimilator  
  103  6:54  Twilight Council  
  109  7:05  Pylon x2  
  109  7:10  Flux Vanes  
  109  7:17  Void Ray  
  109  7:20  Stargate  
  109  7:22  Pylon  
  109  7:23  Probe x3  
  109  7:29  Charge  
  116  7:30  Pylon  
  116  7:32  Gateway  
  116  7:35  Probe x3  
  119  7:47  Probe x3  
  122  7:55  Nexus  
  122  7:56  Gateway  
  122  7:57  Pylon  
  122  7:58  Gateway  
  122  7:59  Probe x3  
  125  8:06  Carrier  
  125  8:11  Probe x2, Carrier  
  139  8:13  Protoss Air Weapons Level 2 (Chrono Boost)  
  139  8:16  Photon Cannon  
  139  8:17  Shield Battery  
  139  8:21  Void Ray  
  143  8:27  Probe  
  143  8:28  Probe  
  143  8:29  Protoss Ground Weapons Level 2  
  143  8:31  Pylon  
  145  8:37  Zealot, Sentry  
  147  8:44  Probe  
  147  8:47  Pylon, Robotics Facility  
  149  8:48  Probe  
  149  8:54  Probe  
  150  8:57  Pylon  
  150  8:58  Pylon  
  146  9:10  Carrier x2  
  158  9:20  Gateway  
  158  9:22  Gateway  
  158  9:25  Pylon  
  158  9:30  Assimilator  
  158  9:32  Zealot  
  158  9:33  Zealot x4  
  158  9:36  Templar Archives  
  158  9:37  Gateway  
  168  9:39  Gateway, Assimilator  
  168  9:42  Observer (Chrono Boost), Photon Cannon  
  169  9:50  Photon Cannon  
  169  10:00  Immortal (Chrono Boost)  
  169  10:04  Robotics Facility  
  171  10:15  Nexus  
  171  10:16  Pylon  
  171  10:18  Psionic Storm  
  171  10:20  Protoss Air Weapons Level 3 (Chrono Boost)  
  169  10:23  High Templar x3  
  175  10:32  Gateway  
  175  10:35  Gateway, Photon Cannon  
  175  10:36  Gateway  
  175  10:37  Probe, Photon Cannon  
  175  10:38  Shield Battery  
  175  10:39  Gateway  
  176  10:43  Photon Cannon  
  176  10:44  Immortal (Chrono Boost)  
  178  10:50  High Templar x2  
  178  10:53  Shield Battery  
  178  10:55  Probe  
  181  10:57  Pylon  
  181  10:59  Gateway  
  181  11:01  Gateway, Pylon  
  185  11:04  Immortal (Chrono Boost), Protoss Ground Weapons Level 3 (Chrono Boost)  
  185  11:08  Gateway  
  185  11:10  Dark Shrine  
  189  11:25  Immortal (Chrono Boost)  
  189  11:29  High Templar  
  189  11:30  High Templar, Zealot x3  
  199  11:34  Archon  
  198  11:40  Warp Prism (Chrono Boost)  
  200  12:02  Pylon  
  200  12:06  Assimilator x2  
  194  12:15  Immortal x2 (Chrono Boost)  
  200  12:23  Cybernetics Core  
  200  12:24  Gateway  
  200  12:27  Photon Cannon, Shield Battery  
  200  12:40  Shadow Stride  
  200  12:41  Photon Cannon  
  200  12:42  Photon Cannon  
  200  12:44  Photon Cannon  
  200  12:52  Twilight Council  
  200  12:54  Protoss Air Armor Level 1  
  200  12:55  High Templar  
  200  12:57  Photon Cannon  
  194  12:59  Photon Cannon  
  194  13:00  Photon Cannon  
  194  13:03  Gateway  
  194  13:05  Gateway, Twilight Council  
  194  13:06  Gateway  
  194  13:08  Photon Cannon, Pylon  
  194  13:09  Photon Cannon  
  194  13:11  Photon Cannon, High Templar  
  196  13:17  Dark Templar x2  
  192  13:36  Photon Cannon x2  
  192  13:37  Zealot x3  
  198  13:46  Zealot x2, Dark Templar  
  196  13:51  Dark Templar x4  
  192  14:06  Blink  
  154  14:36  Carrier x2 (Chrono Boost)  
  154  14:37  Carrier (Chrono Boost)  
  160  14:49  High Templar x5  
  160  14:50  High Templar x3, Zealot x2, Sentry  
  160  14:51  Zealot  
  181  14:53  Archon  
  181  14:54  Archon x2  
  181  14:55  Archon  
  181  14:56  Archon  
  179  15:03  Probe  
  179  15:05  Probe  
  181  15:17  Probe  
  181  15:19  Protoss Shields Level 1 (Chrono Boost)  
  182  15:29  High Templar x2  
  182  15:30  High Templar  
  182  15:31  Protoss Air Armor Level 2 (Chrono Boost)  
  182  15:34  Zealot x6  
  197  15:55  Archon  
  150  16:14  Probe x2, Pylon  
  152  16:19  High Templar x5  
  152  16:20  Robotics Bay  
  152  16:21  Robotics Facility  
  162  16:40  Pylon  
  158  16:56  Nexus  
  158  16:58  Photon Cannon  
  158  16:59  Photon Cannon  
  158  17:00  Shield Battery  
  158  17:02  Gateway  
  158  17:05  Disruptor x2  
  158  17:07  Immortal  
  158  17:08  Pylon  
  158  17:09  Gateway  
  158  17:11  Probe  
  158  17:14  Probe  
  158  17:15  Carrier x3 (Chrono Boost)  
  174  17:23  Probe x2  
  174  17:29  Zealot x3  
  182  17:30  Zealot x3  
  182  17:31  Protoss Shields Level 2 (Chrono Boost)  
  182  17:36  Assimilator  
  188  17:37  Assimilator  
  188  17:40  Gravitic Boosters (Chrono Boost)  
  188  17:48  Observer  
  189  17:56  Protoss Air Armor Level 3 (Chrono Boost)  
  187  18:12  Oracle  
  190  18:14  Nexus  
  190  18:16  Pylon  
  186  18:30  Gravitic Drive  
  131  18:56  High Templar x4  
  131  18:57  High Templar  
  131  18:59  High Templar  
  143  19:11  Zealot x4  
  143  19:12  Zealot x2  
  149  19:22  Void Ray x2 (Chrono Boost)  
  149  19:23  Void Ray (Chrono Boost)  
  143  19:27  Photon Cannon  
  143  19:29  Photon Cannon  
  152  19:40  Zealot x2  
  133  20:08  Probe  
  133  20:09  Probe  
  127  20:16  Dark Templar x3  
  127  20:17  Zealot x9  
  127  20:20  Void Ray  
  118  20:47  Archon  
Tags
 
Add a new tag
Caveats
  • Supply blocks, unpowered buildings, or Contaminate may cause inaccurate times.
  • Supply counts are checked every 10 seconds.